 Dungeon Crawl Stone Soup version 0.29-a0-1033-gb6c65ffae6 (webtiles) character file.

Game seed: 4236074328289469719

1869 Snarg the Ducker (level 8, -1/37 HPs)
             Began as a Spriggan Conjurer on Aug 15, 2022.
             Was an Initiate of Gozag.
             Killed from afar by an orc wizard (9 damage)
             ... with a puff of flame
             ... on level 7 of the Dungeon.
             The game lasted 00:32:14 (9770 turns).

Snarg the Ducker (Spriggan Conjurer)                Turns: 9770, Time: 00:32:14

Health: -1/37      AC:  3    Str:  3    XL:     8   Next: 90%
Magic:  19/22      EV: 21    Int: 22    God:    Gozag
Gold:   684        SH:  0    Dex: 19    Spells: 6/13 levels left

rFire   . . .      SeeInvis +   v - +0 dagger (venom)
rCold   . . .      Faith    .   (no shield)
rNeg    . . .      Spirit   .   i - +0 robe
rPois   .          Reflect  .   (helmet restricted)
rElec   .          Harm     .   u - +0 cloak
rCorr   .          Rampage  .   (gloves unavailable)
Will    +....                   (boots unavailable)
Stlth   +++.......              o - amulet of magic regeneration
HPRegen 0.12/turn               c - +6 ring of dexterity
MPRegen 0.58/turn               E - ring of magical power

@: very quick
A: very small, no large weapons, unfitting armour, see invisible, speed 3
a: Renounce Religion, Potion Petition, Call Merchant, Bribe Branch


You were on level 7 of the Dungeon.
You worshipped Gozag.
Gozag was pleased with you.
You visited 2 branches of the dungeon, and saw 8 of its levels.

You collected 800 gold pieces.
You paid 116 gold pieces to Gozag.

Inventory:

Hand Weapons
 a - a +3 dagger
 b - a +0 short sword
 p - a +0 hammer of protection
 q - the +6 hammer "Dyosiak" {venom, Drain rElec rC+ Dex+5}
   (You found it on level 2 of the Dungeon)

   It poisons the flesh of those it strikes.
   Dex:       It affects your dexterity (+5).
   rC:        It protects you from cold.
   rElec:     It insulates you from electricity.
   Drain:     It drains your maximum health when unequipped.
 r - a +2 hammer of holy wrath
 t - a +3 quarterstaff of chaos
 v - a +0 dagger of venom (weapon)
 x - a +0 dagger
 G - a +2 hammer of protection
 O - a +1 vampiric spear
Missiles
 e - 11 poisoned darts
 k - 79 stones
Armour
 i - a +0 robe (worn)
 u - a +0 cloak (worn)
 C - an orb of wrath
Magical Staves
 D - a staff of death
 K - a staff of fire
Jewellery
 c - a +6 ring of dexterity (left hand)
 d - a ring of protection from cold
 o - an amulet of magic regeneration (around neck)
 E - a ring of magical power (right hand)
 F - a ring of ice
 P - a ring of poison resistance
Wands
 y - a wand of digging (4)
 H - a wand of polymorph (12)
Scrolls
 f - 2 scrolls of amnesia {unknown}
 j - 2 scrolls of teleportation
 w - a scroll of fog {unknown}
 z - 2 scrolls of identify
 I - 3 scrolls of immolation
 J - a scroll of brand weapon {unknown}
 L - 4 scrolls of enchant weapon {unknown}
 M - 2 scrolls of torment {unknown}
 N - a scroll of fear
Potions
 g - 2 potions of heal wounds
 h - 2 potions of might
 l - 2 potions of flight
 m - 3 potions of brilliance
 n - 2 potions of lignification
 s - 2 potions of magic
 A - 5 potions of curing
 B - 3 potions of haste


   Skills:
 - Level 1.0 Fighting
 + Level 5.6 Short Blades
 + Level 6.3 Dodging
 - Level 5.0 Stealth
 - Level 3.0 Spellcasting
 + Level 6.0 Conjurations
 * Level 5.8 Hexes
 + Level 2.3 Translocations


You had 6 spell levels left.
You knew the following spells:

 Your Spells              Type           Power      Damage    Failure   Level
a - Magic Dart            Conj           100%       1d8       1%          1
b - Searing Ray           Conj           58%        2d6       1%          2
c - Dazzling Flash        Conj/Hex       58%        N/A       3%          3
d - Apportation           Tloc           26%        N/A       4%          1

Your spell library contained the following spells:

 Spells                   Type           Power      Damage    Failure   Level
 Fulminant Prism          Conj/Hex       14%        3d9       11%         4
 Gell's Gravitas          Tloc           13%        N/A       14%         3
 Lesser Beckoning         Tloc           13%        N/A       14%         3
 Teleport Other           Tloc           13%        N/A       14%         3
 Iskenderun's Mystic Bla  Conj/Tloc      21%        2d6       22%         4
 Alistair's Intoxication  Tmut/Pois      2%         N/A       98%         5


Dungeon Overview and Level Annotations

Branches:
Dungeon (7/15)             Temple (1/1) D:5

Altars:
Ashenzari
Cheibriados
Dithmenos
Elyvilon
Fedhas
Gozag
Hepliaklqana
Kikubaaqudgha
Makhleb
Nemelex Xobeh
Okawaru
Qazlal
Ru
Sif Muna
Trog
Uskayaw
Vehumet
Wu Jian
Xom
Yredelemnul
The Shining One

Annotations:
D:1 clr
D:2 clr
D:3 clr
D:4 3 runed translucent doors, ragingrage's ghost, amateur DsCK
D:5 clr, exclusion: ogre
D:6 exclusions: acid dragon and water moccasin
D:7 exclusion: 2 wights


Innate Abilities, Weirdness & Mutations

You are very small and have problems with some larger weapons.
You are too small for most types of armour.
You have supernaturally acute eyesight. (SInv)
You cover ground extremely quickly. (Speed+++)


Message History

* * * LOW HITPOINT WARNING * * *
You hit the orc warrior.
The orc warrior is poisoned.
The orc warrior is heavily wounded.
The orc warrior completely misses you.
Unknown command. 3 gnolls come into view.
As you close the door, it creaks loudly!
You hear a shout! x4
The orc warrior is no longer blind.
Okay, then.
Unknown command.
An orc wizard comes into view. It is wielding a +0 dagger.
There is an open door here.
You close the door.
An orc wizard opens the door.
You start resting.
An orc wizard is nearby!
You are too injured to fight recklessly!
Aiming: Magic Dart (safe; 1% risk of failure)
Press: ? - help, Q - select action, (/) - cycle Shift-Dir - straight line, f - orc wizard
Aim: an orc wizard, wielding a +0 dagger and wearing a +0 robe (100% to hit)
The magic dart hits the orc wizard!
The orc wizard is heavily wounded.
Aiming: Magic Dart (safe; 1% risk of failure)
Press: ? - help, Q - select action, (/) - cycle Shift-Dir - straight line, f/p - orc wizard
Aim: an orc wizard, wielding a +0 dagger and wearing a +0 robe (heavily wounded, 100% to hit)
The magic dart hits the orc wizard.
The orc wizard is heavily wounded.
Casting: Magic Dart (safe; 1% risk of failure)
Confirm with . or Enter, or press ? or * to list all spells.
Aiming: Searing Ray (safe; 1% risk of failure)
Press: ? - help, Shift-Dir - straight line, f/p - orc wizard
Aim: an orc wizard, wielding a +0 dagger and wearing a +0 robe (heavily wounded, 74% to hit)
The searing ray hits the orc wizard.
The orc wizard is almost dead. (Press . to maintain the ray.)
The orc wizard points at you and mumbles some strange words.
The puff of flame hits you!
You die...
Your body crumbles into a pile of gold.

###.#.#...# #.....#####
#.#.#.....# #.#.....#.#
###.###o#.#.#
#.......#.#.#
#.#.###.....#
#.#...#.#.###
#######@###.#.#.#
#..o....#...#.#.#
#.#######.###.#.#
#.....###.###.#.#
#####o#>..o.....+...gg.
#...o...o..#.#....g.
#..........#.###'###
#...)......#.. #
#.)........#### .


You could see an orc wizard.

Vanquished Creatures
  Sigmund (D:2)
  A water moccasin (D:6)
  An ice beast (D:7)
  2 sky beasts
  A black bear (D:6)
  A centaur (D:7)
  3 scorpions
  A wight (D:6)
  6 killer bees (D:7)
  A howler monkey (D:4)
  4 orc priests
  Crazy Yiuf (D:2)
  A hound (D:6)
  A gnoll bouda (D:6)
  Ijyb (D:4)
  4 iguanas
  2 orc wizards
  8 gnolls
  6 adders
  A shadow imp (D:7)
  A white imp (D:7)
  An ufetubus (D:6)
  A dart slug (D:1)
  19 orcs
  3 endoplasms
  2 giant cockroaches
  4 goblins
  7 hobgoblins
  16 jackals
  4 quokkas
  3 ball pythons
  3 bats (D:2)
  3 frilled lizards
  7 kobolds
  4 rats
125 creatures vanquished.

Notes
Turn   | Place    | Note
-------+----------+-------------------------------------------
     0 | D:1      | Snarg the Spriggan Conjurer began the quest for the Orb.
     0 | D:1      | Reached XP level 1. HP: 9/9 MP: 5/5
   467 | D:1      | Reached XP level 2. HP: 14/14 MP: 6/6
   474 | D:1      | Learned a level 2 spell: Searing Ray
  1027 | D:1      | Reached skill level 1 in Short Blades
  1027 | D:1      | Reached XP level 3. HP: 17/17 MP: 5/8
  1380 | D:1      | Reached skill level 1 in Fighting
  1960 | D:2      | Found a radiant altar of Vehumet.
  2015 | D:2      | Noticed Sigmund
  2119 | D:2      | Found a faded altar of an unknown god.
  2343 | D:2      | Reached XP level 4. HP: 20/22 MP: 9/9
  2545 | D:2      | Identified the +6 hammer "Dyosiak" {venom, Drain rElec rC+
                  | Dex+5}
  2551 | D:2      | Found a runed translucent door.
  2554 | D:2      | Noticed Crazy Yiuf
  2582 | D:2      | Killed Crazy Yiuf
  2838 | D:3      | Learned a level 3 spell: Dazzling Flash
  3003 | D:3      | Learned a level 1 spell: Apportation
  3152 | D:3      | Reached XP level 5. HP: 25/25 MP: 7/10
  3329 | D:4      | Found a runed translucent gate.
  3335 | D:4      | Found a runed translucent gate.
  3335 | D:4      | Found a runed translucent gate.
  3345 | D:4      | Noticed ragingrage's ghost (amateur DsCK)
  3424 | D:4      | Reached skill level 1 in Hexes
  3424 | D:4      | Reached skill level 1 in Translocations
  3799 | D:4      | Noticed a phantom
  4044 | D:4      | Noticed Ijyb
  4063 | D:4      | Killed Ijyb
  4064 | D:4      | Reached skill level 5 in Stealth
  4064 | D:4      | Reached XP level 6. HP: 24/30 MP: 11/11
  4207 | D:4      | Found a shimmering altar of Xom.
  4447 | D:5      | Entered Level 5 of the Dungeon
  4638 | D:5      | Identified the +7 trident "Widowermaker" {spect, rC+ rCorr
                  | Dex+4}
  4981 | D:5      | Found a blossoming altar of Fedhas.
  5082 | D:5      | Found a staircase to the Ecumenical Temple.
  5089 | Temple   | Entered the Ecumenical Temple
  5120 | Temple   | Became a worshipper of Gozag Ym Sagoz the Greedy
  6023 | D:6      | Noticed an acid dragon
  6073 | D:6      | Noticed a water moccasin
  6285 | D:2      | Killed Sigmund
  6286 | D:2      | Reached XP level 7. HP: 24/33 MP: 12/12
  7818 | D:6      | Reached skill level 5 in Dodging
  7939 | D:6      | Reached XP level 8. HP: 37/37 MP: 13/13
  8031 | D:6      | Reached skill level 5 in Conjurations
  8863 | D:7      | Reached skill level 5 in Short Blades
  8863 | D:7      | Reached skill level 5 in Hexes
  9770 | D:7      | Killed from afar by an orc wizard

Illustrated notes

Levels and vault maps discovered:
D:1:      dpeg_arrival_arbitrary_b, layout_loops_ring
D:2:      layout_loops_ring, hellmonk_ecumenical_altar_run_dry, basic_altar,
          kennysheep_generic_room_11, uniq_crazy_yiuf_cottage, uniq_sigmund
D:3:      layout_rooms
D:4:      layout_loops_ring, tgw_xom, gammafunk_ghost_necromancy,
          mrwooster_statue_mirror, uniq_ijyb
D:5:      layout_loops_corners, mainiacjoe_overflow_concentric_impassable,
          minmay_temple_entry_enclosed_plants, serial_glass, glass_columns_b,
          glass_columns_c, roderic_serpentine_path
D:6:      layout_layer_cave
D:7:      layout_basic, uniq_maggie, uniq_pikel
Temple:   hellmonk_temple_of_storms

Skill      XL: |  1  2  3  4  5  6  7  8 |
---------------+-------------------------+-----
Conjurations   | 3 4 6 |  6.0
Short Blades   | 1 2 3 4 5 |  5.6
Fighting       | 1 |  1.0
Spellcasting   | 3 |  3.0
Dodging        | 3 4 5 6 |  6.3
Stealth        | 4 5 |  5.0
Hexes          | 1 2 4 5 |  5.8
Translocations | 1 2 |  2.3

Action                   |  1- 3 |  4- 6 |  7- 9 || total
-------------------------+-------+-------+-------++-------
Melee: Short sword       |    29 |       |     1 ||    30
       Dagger            |    33 |    62 |    66 ||   161
       Punch             |       |       |     2 ||     2
 Cast: Magic Dart        |    50 |    41 |    56 ||   147
       Searing Ray       |     4 |    14 |    21 ||    39
       Dazzling Flash    |       |       |     7 ||     7
  Use: Scroll            |     2 |    11 |       ||    13
 Stab: Sleeping          |     6 |     3 |     6 ||    15
       Invisible         |       |       |     5 ||     5
Armor: Robe              |     8 |     5 |     8 ||    21
Dodge: Dodged            |    50 |    42 |    66 ||   158

Table legend: (Time is in decaauts)
 A = Elapsed time spent in this place.
 B = Non-inter-level travel time spent in this place.
 C = Inter-level travel time spent in this place.
 D = Time resting spent in this place.
 E = Time spent auto-exploring this place.
 F = Levels seen in this place.
 G = Mean time per level.
                   A        B        C        D        E       F      G
               +--------+--------+--------+--------+--------+-----+--------+
         Total |   7178 |   6645 |    533 |   1333 |   4018 |   8 |  897.2 |
       Dungeon |   7151 |   6621 |    530 |   1333 |   4010 |   7 | 1021.6 |
        Temple |     26 |     23 |      3 |      0 |      8 |   1 |   26.0 |
               +--------+--------+--------+--------+--------+-----+--------+

Top non-repeatable levels by time:
     D:6: 1705 daAuts
     D:1: 1250 daAuts
     D:2: 1085 daAuts
     D:5: 1001 daAuts
     D:7: 895 daAuts
     D:4: 846 daAuts
     D:3: 366 daAuts
  Temple: 26 daAuts
